AoeStats
← AKI :D

Lombardia

509859207Analyzed
2v2 RM · 5d ago on Sep 28, 2026· 61m 33s· 4 players
Game mode
Random Map
Map size
Medium (4 player)
Population
200
Speed
Normal
Resources
Standard
Victory
Conquest
Starting age
Dark Age
Ending age
Imperial Age
RankedLock teamsTeams togetherTeam positionsShared explorationLock speedFull tech treeHidden civsTurbo modeCheats
Victory
Defeat
🇫🇮 Magyars · Finland
1143
+18
🇷🇺 Cumans · Russia
1102
+20
🇨🇳 Huns · China
1191
-19
🇨🇳 Italians · China
1185
-19
AKI :D
6:24 Loom
9:13 Feudal Age
9:47 Double-Bit Axe
11:13 Horse Collar
19:53 Castle Age
18:27 Gold Mining
18:57 Fletching
19:38 Bloodlines
20:41 Thumb Ring
20:46 Husbandry
21:28 Bow Saw
21:44 Padded Archer Armor
24:32 Thumb Ring
27:42 Ballistics
29:30 Wheelbarrow
28:40 Town Watch
30:10 Leather Archer Armor
29:59 Bodkin Arrow
34:23 Scale Barding Armor
34:40 Light Cavalry
36:37 Chain Barding Armor
38:54 Imperial Age
39:02 Hussar
39:59 Bracer
40:54 Plate Barding Armor
42:33 Parthian Tactics
41:49 Heavy Cavalry Archer
42:51 Recurve Bow
43:11 Conscription
45:53 Hoardings
46:19 Ring Archer Armor
MaLaya.
11:58 Feudal Age
16:13 Man-at-Arms
16:34 Man-at-Arms
28:16 Castle Age
29:42 Capped Ram
35:35 Double-Bit Axe
38:19 Wheelbarrow
38:10 Forging
38:40 Gold Mining
44:56 Iron Casting
44:27 Scale Barding Armor
46:14 Bloodlines
47:37 Chain Barding Armor
50:55 Imperial Age
51:50 Hand Cart
51:30 Siege Ram
54:05 Elite Steppe Lancer
56:25 Pikeman
58:28 Blast Furnace
57:37 Halberdier
59:32 Scale Mail Armor
285066173
9:55 Feudal Age
12:43 Loom
18:53 Castle Age
18:03 Double-Bit Axe
19:34 Wheelbarrow
21:10 Bow Saw
31:32 Fletching
32:56 Bodkin Arrow
37:32 Imperial Age
35:43 Ballistics
35:58 Padded Archer Armor
37:15 Gold Mining
38:39 Conscription
39:53 Bracer
42:50 Horse Collar
45:19 Squires
45:39 Leather Archer Armor
46:58 Chemistry
47:49 Elite Genoese Crossbowman
1637719777
3:20 Loom
10:34 Feudal Age
14:57 Double-Bit Axe
17:49 Horse Collar
20:44 Castle Age
21:12 Bloodlines
22:50 Forging
36:36 Bow Saw
49:55 Imperial Age
47:36 Scale Barding Armor
47:24 Gold Mining
48:14 Wheelbarrow
48:52 Town Watch
50:54 Chain Barding Armor
50:03 Cavalier
51:26 Paladin
52:08 Husbandry
53:04 Plate Barding Armor
53:30 Iron Casting
Connection lost

Rejoining the realm…

Still unreachable

The connection could not be restored.

Session expired

The server has moved on; the page needs a fresh start.